AoeStats
← VIT | Hera

Arabia

503518941Analyzed
1v1 RM · 1mo ago on Sep 1, 2026· 29m 46s· 2 players
Game mode
Random Map
Map size
Tiny (2 player)
Population
200
Speed
Normal
Resources
Standard
Victory
Conquest
Starting age
Dark Age
Ending age
Imperial Age
RankedLock teamsTeams togetherTeam positionsShared explorationLock speedFull tech treeHidden civsTurbo modeCheats
Victory
Defeat
🇻🇳 Dravidians · Vietnam
948
+18
🇨🇳 Maya · China
984
-18
KẻKhátMáu
6:46 Loom
9:56 Feudal Age
10:40 Double-Bit Axe
10:39 Horse Collar
21:23 Castle Age
19:16 Fletching
20:09 Gold Mining
21:47 Padded Archer Armor
23:03 Bow Saw
22:53 Heavy Plow
26:27 Leather Archer Armor
27:35 Bodkin Arrow
VIT | Hera
0:29 Loom
10:19 Feudal Age
12:58 Wheelbarrow
12:48 Double-Bit Axe
15:55 Horse Collar
17:52 Fletching
18:19 Gold Mining
20:58 Forging
24:22 Castle Age
23:15 Scale Mail Armor
23:32 Stone Mining
25:18 Hand Cart
26:29 Stone Shaft Mining
25:24 Crossbowman
25:31 Elite Skirmisher
26:41 Bodkin Arrow
27:10 Bow Saw
Connection lost

Rejoining the realm…

Still unreachable

The connection could not be restored.

Session expired

The server has moved on; the page needs a fresh start.